 Dungeon Crawl Stone Soup version 0.25.1-9-gc5326a611f (webtiles) character file.

Game seed: 17106562426884482242

77 kagor the Chopper (level 4, -3/40 HPs)
             Began as a Naga Gladiator on May 29, 2021.
             Slain by a gnoll
             ... wielding a +0 spear
              (11 damage)
             ... on level 2 of the Dungeon.
             The game lasted 00:07:32 (1540 turns).

kagor the Chopper (Naga Gladiator)                  Turns: 1540, Time: 00:07:33

Health: -3/40      AC:  3    Str: 17    XL:     4   Next: 33%
Magic:  4/4        EV: 10    Int:  9    God:
Gold:   68         SH:  0    Dex: 12    Spells: 3/3 levels left

rFire    . . .     SeeInvis +   a - +0 war axe
rCold    + . .     Gourm    .   (no shield)
rNeg     . . .     Faith    .   b - +0 leather armour
rPois    +         Spirit   .   c - +0 helmet
rElec    .         Reflect  .   (no cloak)
rCorr    .         Harm     .   (no gloves)
MR       .....                  (no barding)
Stlth    +.........             (no amulet)
HPRegen  0.13/turn              h - ring of protection from cold
MPRegen  0.09/turn              (no ring)

@: very slow
A: large, see invisible, deformed body, poison resistance, slowness 2, slow
metabolism 1, spit poison 1, AC +1
a: Spit Poison


You were on level 2 of the Dungeon.
You were not hungry.

You visited 1 branch of the dungeon, and saw 2 of its levels.

You collected 68 gold pieces.

Inventory:

Hand Weapons
 a - a +0 war axe (weapon)
 m - a +0 dagger of protection
Missiles
 d - a throwing net (quivered)
 e - 35 sling bullets
 i - 18 poisoned darts
 k - 70 arrows
Armour
 b - a +0 leather armour (worn)
 c - a +0 helmet (worn)
Jewellery
 h - a ring of protection from cold (left hand)
Scrolls
 l - a scroll of remove curse
 n - a scroll of identify {unknown}
Potions
 g - a potion of resistance
Comestibles
 f - 6 rations


   Skills:
 + Level 2.8 Fighting
 + Level 4.0 Axes
 + Level 1.8 Throwing
 + Level 0.5 Armour
 + Level 2.8 Dodging


You had 3 spell levels left.
You didn't know any spells.
Your spell library was empty.

Dungeon Overview and Level Annotations

Branches:
Dungeon (2/15)

Altars:


Innate Abilities, Weirdness & Mutations

You cannot wear boots.
Your serpentine skin is tough. (AC +1)
You have supernaturally acute eyesight. (SInv)
Armour fits poorly on your strangely shaped body.
Your system is resistant to poisons. (rPois)
You cover ground very slowly.
You have a slow metabolism.
You can spit poison.


Message History

The gnoll completely misses you.
You slash the gnoll!
You kill the gnoll!
The gnoll hits you from afar with a +0 spear.
* * * LOW HITPOINT WARNING * * *
The gnoll closely misses you. The gnoll barely misses you.
You see here a gnoll corpse.
You hit the gnoll.
The gnoll is moderately wounded.
The gnoll hits you but does no damage.
You hit the gnoll.
The gnoll is moderately wounded.
The gnoll misses you.
You hit the gnoll.
The gnoll is heavily wounded.
The gnoll hits you but does no damage.
You barely miss the gnoll.
The gnoll is heavily wounded.
The gnoll hits you with a +0 spear!
You die...

### #.# #.######.#
#...g@...# ##
#.######.# #) #.#
###. #.# #...
######.####### #.##
..............####.##
.................?...
#.#####..............
............##.##


You could see a gnoll.

Vanquished Creatures
  3 adders (D:2)
  2 gnolls (D:2)
  2 oozes (D:1)
  A leopard gecko (D:1)
  3 hobgoblins
  3 ball pythons
  3 bats (D:1)
  2 frilled lizards
  3 goblins
  3 kobolds (D:1)
25 creatures vanquished.

Notes
Turn   | Place    | Note
-------+----------+-------------------------------------------
     0 | D:1      | kagor the Naga Gladiator began the quest for the Orb.
     0 | D:1      | Reached XP level 1. HP: 19/19 MP: 1/1
   119 | D:1      | Reached XP level 2. HP: 22/26 MP: 2/2
   973 | D:1      | Reached XP level 3. HP: 32/32 MP: 3/3
  1252 | D:2      | Reached XP level 4. HP: 10/40 MP: 4/4
  1533 | D:2      | Reached skill level 4 in Axes
  1540 | D:2      | Slain by a gnoll

Illustrated notes

Levels and vault maps discovered:
D:1:      heliophobic_arrival_ceremonial_halls, layout_basic, fountainhead
D:2:      layout_basic, nicolae_ru_great_annihilating_truth, marbit_many_paths,
          nicolae_overflow_crystal_walls, okawaru_metal_pillars_3, st_stairs_9

Skill      XL: |  1  2  3  4 |
---------------+-------------+-----
Axes           | 4 |  4.0
Fighting       | |  2.8
Throwing       | |  1.8
Armour         | |  0.5
Dodging        | |  2.8

Action                   |  1- 3 |  4- 6 || total
-------------------------+-------+-------++-------
Melee: War axe           |    88 |    12 ||   100
Throw: Throwing net      |     5 |     1 ||     6
 Abil: Spit Poison       |     1 |       ||     1
  Use: Scroll            |     4 |       ||     4
       Potion            |     3 |       ||     3
  Eat: Chunk             |       |     1 ||     1
Armor: Leather armour    |    22 |     4 ||    26
Dodge: Dodged            |    51 |     6 ||    57
